 Dungeon Crawl Stone Soup version 0.32-a0-868-g153ae1a8d6 (webtiles) character file.

Game seed: 17194242518920463756

347148 jasper the Slayer (level 21, -11/223 HPs)
             Began as a Minotaur Fighter on Mar 28, 2024.
             Was the Champion of Okawaru.
             Mangled by a tengu reaver
             ... wielding a +0 glaive
             ... led by Sojobo
              (21 damage)
             ... on level 3 of the Vaults.
             The game lasted 01:28:55 (50581 turns).

jasper the Slayer (Minotaur Fighter)               Turns: 50581, Time: 01:28:55

Health: -11/223    AC: 32    Str: 30    XL:     21   Next: 20%
Magic:  29/29      EV:  8    Int: 10    God:    Okawaru [******]
Gold:   721        SH: 21    Dex: 14    Spells: 20/20 levels left

rFire   + . .        U - +10 lance "Wyrmbane" {slay drac, rPois rF+ rC+ AC+3}
rCold   + . .        L - +0 tower shield
rNeg    + + .        z - +6 chain mail of Cuphefor {Str+2 Stlth+}
rPois   +            F - +2 hat
rElec   +            D - +0 cloak
rCorr   +            N - +1 pair of gloves
SInv    .            Z - +2 pair of boots of the Exiled Teeth {+Blink rN+ Will+ Int+2}
Will    +++++        l - amulet of the Four Winds {rN+ Will+++ Clar} Stlth
                     T - +4 ring of slaying
HPRegen 0.57/turn    V - ring "Dobatefo" {rElec rCorr Int+3}
MPRegen 0.21/turn

%: clarity
@: corroded, studying 2 skills
A: horns 2, retaliatory headbutt
}: 2/15 runes: decaying, serpentine
a: Renounce Religion, Evoke Blink, Heroism, Finesse, Duel


You were on level 3 of the Vaults.
You worshipped Okawaru.
Okawaru was exalted by your worship.
You visited 8 branches of the dungeon, and saw 37 of its levels.
You visited the Abyss 1 time.
You also visited: Ice Cave.

You collected 5770 gold pieces.
You spent 5049 gold pieces at shops.

Inventory:

Hand Weapons
 U - the +10 lance "Wyrmbane" (weapon) {slay drac, rPois rF+ rC+ AC+3}
   (You took it off Maggie on level 1 of the Lair of Beasts)

   AC+3:      It affects your AC (+3).
   rF+:       It protects you from fire.
   rC+:       It protects you from cold.
   rPois:     It protects you from poison.
Missiles
 d - 11 curare-tipped darts
 m - 11 silver javelins
 n - 6 throwing nets
 y - 29 javelins
 J - 12 boomerangs (quivered)
Armour
 z - the +6 chain mail of Cuphefor (worn) {Str+2 Stlth+}
   (You found it on level 5 of the Lair of Beasts)

   Str+2:     It affects your strength (+2).
   Stlth+:    It makes you more stealthy.
 D - a +0 cloak (worn)
 F - a +2 hat (worn)
 L - a +0 tower shield (worn)
 N - a +1 pair of gloves (worn)
 Z - the +2 pair of boots of the Exiled Teeth (worn) {+Blink rN+ Will+ Int+2}
   (Okawaru gifted it to you on level 2 of the Lair of Beasts)

   Int+2:     It affects your intelligence (+2).
   rN+:       It protects you from negative energy.
   Will+:     It increases your willpower.
   +Blink:    It lets you blink.
Jewellery
 f - an amulet of reflection
 g - a ring of positive energy
 k - a ring of see invisible
 l - the amulet of the Four Winds (around neck) {rN+ Will+++ Clar}
   (You bought it in a shop on level 2 of the Elven Halls)

   [amulet of nothing]

   rN+:       It protects you from negative energy.
   Will+++:   It greatly increases your willpower.
   Clar:      It protects you from confusion, rage, mesmerisation and fear.
 s - a +4 ring of slaying
 T - a +4 ring of slaying (left hand)
 V - the ring "Dobatefo" (right hand) {rElec rCorr Int+3}
   (You found it on level 15 of the Dungeon)

   [ring of resist corrosion]

   Int+3:     It affects your intelligence (+3).
   rElec:     It insulates you from electricity.
   rCorr:     It protects you from acid and corrosion.
Wands
 v - a wand of polymorph (30)
 x - a wand of digging (15)
 A - a wand of acid (32)
 Q - a wand of mindburst (14)
 W - a wand of warping (14)
Scrolls
 a - 5 scrolls of fog
 j - 5 scrolls of blinking
 q - 3 scrolls of revelation
 r - 6 scrolls of vulnerability
 t - a scroll of immolation
 w - 4 scrolls of enchant armour
 B - 7 scrolls of fear
 C - 20 scrolls of identify
 E - 14 scrolls of teleportation
 M - a scroll of silence
 R - 6 scrolls of poison
 S - 3 scrolls of torment
 X - 6 scrolls of noise
Potions
 b - 6 potions of mutation
 e - 3 potions of resistance
 h - 12 potions of haste
 i - 13 potions of curing
 o - 4 potions of ambrosia
 p - 3 potions of attraction
 u - 4 potions of enlightenment
 G - 4 potions of cancellation
 H - 7 potions of heal wounds
 I - 5 potions of lignification
 K - 3 potions of invisibility
 O - 6 potions of brilliance
 P - 6 potions of might
 Y - a potion of magic
Miscellaneous
 c - a Gell's gravitambourine (2/2)


   Skills:
 + Level 26.9 Fighting
 - Level 12.0 Maces & Flails
 - Level 12.0 Polearms
 - Level 16.0 Throwing
 - Level 20.0 Armour
 - Level 20.0 Shields
 - Level 12.0 Invocations
 - Level 8.0 Evocations


You had 20 spell levels left.
You didn't know any spells.
Your spell library contained the following spells:

 Spells                   Type           Power      Damage    Failure   Level
 Apportation              Tloc           0%         N/A       80%         1
 Foxfire                  Conj/Fire      0%         2x1d4     80%         1
 Magic Dart               Conj           0%         1d3       80%         1
 Necrotise                Necr           0%         1d4       80%         1
 Shock                    Conj/Air       0%         1d3       80%         1
 Sting                    Conj/Alch      0%         1d3       80%         1
 Cigotuvi's Dreadful Rot  Necr/Alch/Air  0%         N/A       90%         2
 Mercury Vapours          Alch/Air       0%         N/A       90%         2
 Searing Ray              Conj           0%         2d4       90%         2
 Sublimation of Blood     Necr           0%         N/A       90%         2
 Dazzling Flash           Conj/Hex       0%         N/A       99%         3
 Hailstorm                Conj/Ice       0%         3d5       99%         3
 Inner Flame              Hex/Fire       0%         N/A       99%         3
 Mephitic Cloud           Conj/Alch/Air  0%         N/A       99%         3
 Sigil of Binding         Hex            0%         N/A       99%         3
 Swiftness                Air            0%         N/A       99%         3
 Volatile Blastmotes      Fire/Tloc      0%         2d10      99%         3
 Airstrike                Air            0%         2d(0-16)  100%        4
 Dimensional Bullseye     Hex/Tloc       0%         N/A       100%        4
 Dispel Undead            Necr           0%         3d6       100%        4
 Flame Wave               Conj/Fire      0%         2d4       100%        4
 Fulminant Prism          Conj/Alch      0%         3d5       100%        4
 Iskenderun's Mystic Bla Conj/Tloc 0%             2d3        (+2d1     100%        4
 Olgreb's Toxic Radiance  Alch           0%         N/A       100%        4
 Petrify                  Alch/Erth      0%         N/A       100%        4
 Sticky Flame             Fire/Alch      0%         2d4       100%        4
 Curse of Agony           Necr           0%         N/A       100%        5
 Irradiate                Conj/Alch      0%         3d11      100%        5
 Silence                  Hex/Air        0%         N/A       100%        5
 Conjure Ball Lightning   Conj/Air       0%         3x3d6     100%        6
 Eringya's Noxious Bog    Alch           0%         4d6       100%        6
 Permafrost Eruption      Ice/Erth       0%         2x4d2     100%        6
 Plasma Beam              Fire/Air       0%         2x1d10    100%        6
 Starburst                Conj/Fire      0%         6d3       100%        6
 Discord                  Hex            0%         N/A       100%        8
 Disjunction              Tloc           0%         N/A       100%        8
 Summon Small Mammal      Summ           Unusable   N/A       N/A         1
 Call Canine Familiar     Summ           Unusable   N/A       N/A         3
 Summon Ice Beast         Ice/Summ       Unusable   N/A       N/A         3
 Martyr's Knell           Necr/Summ      Unusable   N/A       N/A         4
 Summon Forest            Summ/Tloc      Unusable   N/A       N/A         5
 Sculpt Simulacrum        Ice/Alch       Unusable   N/A       N/A         6
 Summon Hydra             Summ           Unusable   N/A       N/A         7

Dungeon Overview and Level Annotations

Branches:
Dungeon (15/15)            Temple (1/1) D:7            Lair (5/5) D:8
  Swamp (4/4) Lair:3        Snake (4/4) Lair:3        Slime (0/5) Lair:4
    Orc (2/2) D:10            Elf (3/3) Orc:2        Vaults (3/5) D:14
  Crypt (0/3) Vaults:2     Depths (0/4) D:15          IceCv (visited)

Altars:
Ashenzari
Cheibriados
Dithmenos
Elyvilon
Fedhas
Gozag
Hepliaklqana
Kikubaaqudgha
Makhleb
Nemelex Xobeh
Okawaru
Qazlal
Ru
Sif Muna
Trog
Uskayaw
Vehumet
Wu Jian
Xom
Yredelemnul
Zin
The Shining One
Beogh
Jiyva

Shops:
D:4 [!!=:   D:5 (   D:8 **   D:15 ::(   Orc:2 ([(   Elf:1 =::   Elf:2 =
Snake:3 :   Vaults:1 **[*(   Vaults:2 [

Annotations:
D:5 3 runed translucent doors, DeathSocks's ghost, amateur VSDe
Lair:1 3 runed translucent doors, AutarchDCSS's ghost, journeyman SpAl
Swamp:1 Roxanne
Elf:3 2 exclusions
Vaults:3 Sojobo


Innate Abilities, Weirdness & Mutations

You have a pair of horns on your head.
You reflexively headbutt those who attack you in melee.


Message History

You barely miss the ironbound convoker.
The ironbound convoker is almost dead.
You feel sick.
You block the ironbound convoker's attack.
The tengu reaver hits you but does no damage.
You closely miss the ironbound convoker.
Your headbutt misses the ironbound convoker.
The ironbound convoker is almost dead.
You barely miss the ironbound convoker.
The ironbound convoker is almost dead.
You feel sick.
You block the ironbound convoker's attack.
You block the tengu reaver's attack.
Sojobo waves her feathered arms in wide circles.
The air twists around and strikes you!!
* * * LOW HITPOINT WARNING * * *
You hit the ironbound convoker but do no damage.
Your headbutt misses the ironbound convoker.
The ironbound convoker is almost dead.
You feel sick.
You are no longer poisoned.
You puncture the ironbound convoker! You headbutt the ironbound convoker.
You kill the ironbound convoker!
Okawaru accepts your kill.
The tengu reaver hits you but does no damage.
Your life force feels restored.
You barely miss the vault sentinel.
You headbutt the vault sentinel, but do no damage.
You hit the vault sentinel.
The vault sentinel is lightly wounded.
The vault sentinel blows a loud note on a signal horn! x2
You block the tengu reaver's attack.
You barely miss the vault sentinel. You headbutt the vault sentinel.
The vault sentinel is lightly wounded.
You impale the vault sentinel!!
Your headbutt misses the vault sentinel.
The vault sentinel is severely wounded.
You block the vault sentinel's attack.
The tengu reaver hits you from afar with a +0 glaive!!
You die...

.. #...#......#...). #
#...# #..... #...#
#..... #...########.....
### #................
.... #................
..... #................
....pJ##................
...Qccp@.............^..
....pQ#####+############
..... .... ###'


You could see Sojobo (strong, repels missiles), a tengu reaver (strong, repels
missiles), a very large slime creature (strong), 2 vault sentinels, an ironbound
convoker and 2 yaktaurs.

Vanquished Creatures
  Saint Roka (Orc:2)
  Nikola (Vaults:1)
  Jorgrun (Swamp:1)
  The ghost of Dodessio the Severer, an adept DsGl of Jiyva (Elf:3)
  Asterion (Snake:3)
  2 deep elf master archers (Elf:3)
  2 deep elf blademasters (Elf:3)
  Kirke (D:15)
  A tentacled starspawn (Abyss:3)
  2 tengu reavers
  4 thorn hunters
  Donald (Lair:3)
  4 nagarajas (Snake:4)
  A frost giant (D:15)
  11 deep elf sorcerers
  Louise (Swamp:2)
  5 deep elf elementalists
  12 vault wardens
  3 orc warlords
  9 ironbound thunderhulks
  9 ironbound preservers
  4 deep elf demonologists
  7 deep elf annihilators
  8 deep elf death magi
  4 eleionomae
  2 bunyips
  A war gargoyle (Vaults:1)
  Snorg (Lair:5)
  2 ettins (D:15)
  4 yaktaur captains
  A fire dragon (D:15)
  Harold (Lair:1)
  3 deep elf high priests (Elf:3)
  2 entropy weavers
  2 shambling mangroves
  Josephine (Orc:2)
  22 hydras
  2 ironbound frosthearts
  A peacekeeper (Vaults:1)
  14 vault guards
  4 great orbs of eyes
  A ghost crab (Swamp:1)
  21 centaur warriors
  A catoblepas (Lair:5)
  5 salamander tyrants
  8 anacondas
  3 ogre magi (D:15)
  Erica (Lair:1)
  10 alligators
  2 boulder beetles
  9 two-headed ogres
  30 dancing weapons
  2 tengu warriors (D:15)
  4 death yaks
  2 death knights (D:15)
  5 orc high priests
  Urug (D:11)
  8 shock serpents
  3 spriggan berserkers
  11 naga sharpshooters
  10 naga warriors
  Sonja (Lair:4)
  3 skysharks
  19 deep elf knights
  4 skeletal warriors
  4 salamander mystics
  4 sea snakes (Snake:2)
  29 deep trolls
  A large abomination (Abyss:3)
  3 goliath frogs
  2 spriggan druids
  10 mana vipers
  10 bog bodies
  5 naga ritualists
  3 arcanists
  9 swamp dragons
  Pikel (D:9)
  A phantasmal warrior (Vaults:1)
  14 deep elf archers
  12 ironbound convokers
  31 deep elf pyromancers
  9 lindwurms
  2 harpies
  8 orc knights (Vaults:2)
  6 thermic dynamos (Elf:3)
  An obsidian bat (Orc:2)
  31 deep elf zephyrmancers
  5 wolf spiders
  2 orc sorcerers (Orc:2)
  10 ugly things
  4 elephants
  6 cyclopes
  4 manticores
  4 will-o-the-wisps
  24 salamanders
  4 meliai (D:15)
  42 black mambas
  8 guardian serpents
  8 kobold blastminers (Orc:2)
  10 naga magi
  10 vault sentinels
  An orange demon (Abyss:3)
  2 ice statues
  2 torpor snails
  Maggie (Lair:1)
  13 cane toads
  2 gargoyles
  2 cane toads (shapeshifter)
  9 rime drakes
  28 yaktaurs
  10 komodo dragons
  A freezing wraith (D:15)
  2 anaconda simulacra (IceCv)
  Psyche (D:11)
  4 polar bears
  2 ice devils (IceCv)
  2 queen bees (shapeshifter) (D:15)
  9 trolls
  10 hornets
  Grinder (D:3)
  A tarantella (Vaults:1)
  5 tyrant leeches
  5 glass eyes (D:15)
  12 blink frogs
  13 slime creatures
  A polar bear (shapeshifter) (Elf:3)
  14 dream sheep (Lair:5)
  3 air elementals
  A water elemental (Elf:2)
  9 spriggans
  A jumping spider (Vaults:3)
  3 shadows
  A centaur simulacrum (D:15)
  A vampire (D:11)
  5 wraiths
  A ynoxinul (Abyss:3)
  3 small abominations
  16 wyverns
  2 dire elephant simulacra (IceCv)
  5 wargs
  A yak (shapeshifter) (D:15)
  3 fire bats (Lair:3)
  A fire elemental (Elf:1)
  12 basilisks
  A golden eye (shapeshifter) (D:13)
  37 yaks
  2 hogs (D:15)
  4 redbacks
  A human (D:15)
  7 vampire mosquitoes
  2 death yak simulacra (IceCv)
  2 steam dragons
  3 harpy simulacra
  30 nagas
  10 swamp worms
  4 acid dragons
  A hydra simulacrum (IceCv)
  40 water moccasins
  13 swamp drakes
  35 orc warriors
  4 laughing skulls
  2 ice beasts
  15 ogres
  A boggart (D:15)
  A wolf (Lair:5)
  15 centaurs
  A phantom (D:4)
  A lemure (D:9)
  A kobold brigand (D:6)
  3 gnoll sergeants
  18 bullfrogs
  2 earth elementals
  A scorpion (D:4)
  4 two-headed ogre simulacra (IceCv)
  13 wights
  13 killer bees
  3 elephant simulacra (IceCv)
  3 electric eels (Elf:3)
  9 howler monkeys
  5 lava snakes
  2 bombardier beetles
  A gnoll bouda (D:7)
  A hound (D:6)
  11 orc priests
  A jelly (D:6)
  An iguana (D:6)
  Terence (D:2)
  18 orc wizards
  6 hell rats (Lair:3)
  4 spriggan simulacra (IceCv)
  7 troll simulacra (IceCv)
  3 polar bear simulacra (IceCv)
  2 wolf simulacra (IceCv)
  23 gnolls
  5 naga simulacra (IceCv)
  4 adders
  6 white imps
  10 ufetubi
  6 dart slugs
  95 orcs
  6 bats
  11 endoplasms
  A giant cockroach (D:3)
  5 goblins
  12 hobgoblins
  2 jackals (D:2)
  6 quokkas
  12 ball pythons
  4 frilled lizards
  17 kobolds
  6 rats
1477 creatures vanquished.

Vanquished Creatures (others)
  A deep elf knight (Elf:1)
  2 deep elf pyromancers
  3 bloated husks
  12 foxfires
  2 starspawn tentacles (Abyss:3)
20 creatures vanquished.

Grand Total: 1497 creatures vanquished

Notes
Turn   | Place    | Note
-------+----------+-------------------------------------------
     0 | D:1      | jasper the Minotaur Fighter began the quest for the Orb.
     0 | D:1      | Reached XP level 1. HP: 19/19 MP: 0/0
   129 | D:1      | Reached XP level 2. HP: 22/26 MP: 1/1
   315 | D:1      | Reached XP level 3. HP: 31/31 MP: 2/2
   491 | D:1      | Reached skill level 5 in Maces & Flails
   788 | D:2      | Reached XP level 4. HP: 34/39 MP: 3/3
   915 | D:2      | Noticed Terence
   925 | D:2      | Killed Terence
  1134 | D:2      | Reached XP level 5. HP: 39/45 MP: 4/4
  1846 | D:3      | Noticed Grinder
  1865 | D:3      | Killed Grinder
  1866 | D:3      | Reached XP level 6. HP: 38/51 MP: 5/5
  2415 | D:4      | Reached XP level 7. HP: 57/57 MP: 6/6
  2474 | D:4      | Found Ybbon's Distillery.
  2477 | D:4      | Bought a potion of curing for 33 gold pieces
  2477 | D:4      | Bought a potion of might for 44 gold pieces
  2683 | D:4      | Found Tonae's Distillery.
  2725 | D:4      | Reached skill level 10 in Maces & Flails
  2806 | D:4      | Found a bloodstained altar of Trog.
  2945 | D:4      | Found Boxuh's Antique Armour Shoppe.
  3021 | D:4      | Found Utripun's Jewellery Shoppe.
  3083 | D:4      | Found Hororil's Book Shoppe.
  3197 | D:5      | Entered Level 5 of the Dungeon
  3207 | D:5      | Noticed DeathSocks's ghost (amateur VSDe)
  3208 | D:5      | Found a runed translucent gate.
  3209 | D:5      | Found a runed translucent gate.
  3210 | D:5      | Found a runed translucent gate.
  3457 | D:5      | Reached XP level 8. HP: 64/64 MP: 7/7
  3752 | D:5      | Found Syxeih's Antique Weapon Shoppe.
  4233 | D:6      | Reached skill level 4 in Fighting
  4330 | D:6      | Reached skill level 5 in Fighting
  4605 | D:6      | Reached skill level 6 in Fighting
  4610 | D:6      | Reached skill level 5 in Armour
  4610 | D:6      | Reached skill level 5 in Shields
  4635 | D:6      | Reached XP level 9. HP: 28/78 MP: 8/8
  5388 | D:7      | Reached skill level 7 in Fighting
  5712 | D:7      | Reached skill level 8 in Fighting
  5820 | D:7      | Found a hazy altar of Hepliaklqana.
  6017 | D:7      | Found a staircase to the Ecumenical Temple.
  6165 | Temple   | Entered the Ecumenical Temple
  6193 | Temple   | Became a worshipper of Warmaster Okawaru
  6602 | D:8      | Found a staircase to the Lair.
  6631 | D:8      | Reached * piety under Okawaru
  6653 | D:8      | Found an ancient bone altar of Kikubaaqudgha.
  6750 | D:8      | Reached skill level 9 in Fighting
  6949 | D:8      | Found Tiathre's General Store.
  6950 | D:8      | Found Wolus's Specific Store.
  6958 | D:8      | Bought a scroll of fear for 48 gold pieces
  7035 | D:8      | Noticed a two-headed ogre
  7045 | D:8      | Killed a two-headed ogre
  7046 | D:8      | Reached XP level 10. HP: 93/93 MP: 6/9
  7138 | D:8      | Reached ** piety under Okawaru
  7249 | D:9      | Reached skill level 10 in Fighting
  7508 | D:9      | Noticed a two-headed ogre
  7514 | D:9      | Killed a two-headed ogre
  7614 | D:9      | Noticed Pikel
  7623 | D:9      | Killed Pikel
  7624 | D:9      | Reached skill level 11 in Fighting
  7911 | D:9      | Noticed a red ugly thing
  7923 | D:9      | Reached *** piety under Okawaru
  7959 | D:9      | Noticed a two-headed ogre
  7967 | D:9      | Killed a red ugly thing
  7970 | D:9      | Killed a two-headed ogre
  7970 | D:9      | Reached **** piety under Okawaru
  7971 | D:9      | Reached skill level 12 in Fighting
  7992 | D:9      | Noticed an ice statue
  8006 | D:9      | Killed an ice statue
  8007 | D:9      | Reached XP level 11. HP: 60/104 MP: 8/10
  8159 | D:9      | Noticed a deep elf pyromancer
  8202 | D:9      | Killed a deep elf pyromancer
  8725 | D:9      | Reached skill level 13 in Fighting
  8947 | D:10     | Entered Level 10 of the Dungeon
  9178 | D:10     | Found a staircase to the Orcish Mines.
  9227 | D:10     | Noticed a two-headed ogre
  9232 | D:10     | Killed a two-headed ogre
  9503 | D:10     | Reached ***** piety under Okawaru
  9523 | D:10     | Reached skill level 1 in Invocations
 10094 | D:10     | Found an opulent altar of Gozag.
 10502 | D:11     | Found an opulent altar of Gozag.
 10554 | D:11     | Noticed a two-headed ogre
 10560 | D:11     | Killed a two-headed ogre
 10560 | D:11     | Received a gift from Okawaru
 10867 | D:11     | Noticed Psyche
 10869 | D:11     | Reached skill level 5 in Invocations
 10883 | D:11     | Killed Psyche
 11381 | D:11     | Identified a scroll of acquirement
 11381 | D:11     | Acquired 651 gold pieces
 11529 | Lair:1   | Entered Level 1 of the Lair of Beasts
 11634 | Lair:1   | Found the +5 Force Lance {heavy, knockback}
 11690 | Lair:1   | Noticed Maggie
 11702 | Lair:1   | Killed Maggie
 11989 | Lair:1   | Reached XP level 12. HP: 100/115 MP: 16/16
 12085 | Lair:1   | Noticed Erica
 12094 | Lair:1   | Killed Erica
 12094 | Lair:1   | Received a gift from Okawaru
 12424 | Lair:1   | Noticed Harold
 12430 | Lair:1   | Killed Harold
 12431 | Lair:1   | Reached skill level 14 in Fighting
 12847 | Lair:1   | Found a runed translucent gate.
 12847 | Lair:1   | Found a runed translucent gate.
 12847 | Lair:1   | Found a runed translucent gate.
 12851 | Lair:1   | Noticed AutarchDCSS's ghost (journeyman SpAl)
 12968 | Lair:1   | Found a viscous altar of Jiyva.
 13061 | Lair:2   | Received a gift from Okawaru
 13062 | Lair:2   | Reached skill level 15 in Fighting
 13129 | Lair:2   | Reached skill level 10 in Armour
 13781 | Lair:2   | Reached ****** piety under Okawaru
 13800 | Lair:2   | Acquired a +0 eveningstar of draining
 13800 | Lair:2   | Received a gift from Okawaru
 13802 | Lair:2   | Acquired the +2 pair of boots of the Exiled Teeth {+Blink
                  | rN+ Will+ Int+2}
 13802 | Lair:2   | Received a gift from Okawaru
 13976 | Lair:3   | Noticed a six-headed hydra
 13988 | Lair:3   | Killed a six-headed hydra
 13988 | Lair:3   | Received a gift from Okawaru
 14034 | Lair:3   | Reached skill level 5 in Polearms
 14174 | Lair:3   | Received a gift from Okawaru
 14449 | Lair:3   | Reached XP level 13. HP: 121/126 MP: 18/18
 14510 | Lair:3   | Found a staircase to the Swamp.
 15045 | Lair:3   | Received a gift from Okawaru
 15090 | Lair:3   | Found a staircase to the Snake Pit.
 15922 | Lair:4   | Reached skill level 10 in Polearms
 16193 | Lair:4   | Noticed Sonja
 16199 | Lair:4   | Killed Sonja
 16250 | Lair:4   | Received a gift from Okawaru
 16650 | Lair:4   | Found a viscous altar of Jiyva.
 16662 | Lair:4   | Found a staircase to the Slime Pits.
 16966 | Lair:5   | Entered Level 5 of the Lair of Beasts
 17035 | Lair:4   | Reached skill level 10 in Shields
 17275 | Lair:5   | Received a gift from Okawaru
 17681 | Lair:5   | Noticed Snorg
 17735 | Lair:5   | Killed Snorg
 18190 | Lair:5   | Reached XP level 14. HP: 135/135 MP: 19/19
 18499 | Lair:5   | Received a gift from Okawaru
 19218 | Lair:5   | Received a gift from Okawaru
 19275 | Lair:5   | Identified the +6 chain mail of Cuphefor {Str+2 Stlth+}
 19586 | Orc:1    | Entered Level 1 of the Orcish Mines
 19914 | Orc:2    | Entered Level 2 of the Orcish Mines
 19993 | Orc:2    | Found a staircase to the Elven Halls.
 19996 | Orc:2    | Found a roughly hewn altar of Beogh.
 20022 | Orc:2    | Reached skill level 15 in Armour
 20050 | Orc:2    | Noticed an orc warlord
 20097 | Orc:2    | Killed an orc warlord
 20200 | Orc:2    | Noticed Josephine
 20220 | Orc:2    | Killed Josephine
 20344 | Orc:2    | Received a gift from Okawaru
 20354 | Orc:2    | Noticed Saint Roka
 20364 | Orc:2    | Reached skill level 15 in Shields
 20364 | Orc:2    | Reached skill level 1 in Throwing
 20377 | Orc:2    | Killed Saint Roka
 20791 | Orc:2    | Found a roughly hewn altar of Beogh.
 20915 | Orc:2    | Found Oshroagg's Antique Weapon Emporium.
 20916 | Orc:2    | Found a roughly hewn altar of Beogh.
 20920 | Orc:2    | Found Ajoamyc's Antique Armour Shoppe.
 21082 | Orc:2    | Found a roughly hewn altar of Beogh.
 21255 | Orc:2    | Found a roughly hewn altar of Beogh.
 21260 | Orc:2    | Found Ceoconeo's Distillery.
 21352 | Orc:2    | Bought a potion of heal wounds for 70 gold pieces
 21352 | Orc:2    | Bought a potion of haste for 140 gold pieces
 21352 | Orc:2    | Bought a potion of haste for 140 gold pieces
 21352 | Orc:2    | Bought a potion of heal wounds for 70 gold pieces
 21352 | Orc:2    | Bought a potion of haste for 140 gold pieces
 21352 | Orc:2    | Bought a potion of heal wounds for 70 gold pieces
 21352 | Orc:2    | Bought a potion of mutation for 112 gold pieces
 21352 | Orc:2    | Bought a potion of lignification for 42 gold pieces
 21352 | Orc:2    | Bought a potion of invisibility for 112 gold pieces
 21352 | Orc:2    | Bought a potion of cancellation for 112 gold pieces
 21394 | Orc:2    | Found a roughly hewn altar of Beogh.
 21395 | Orc:2    | Found Zikiy's Antique Weapon Shop.
 21401 | Orc:2    | Reached skill level 5 in Throwing
 21561 | Orc:1    | Received a gift from Okawaru
 21771 | D:12     | Reached XP level 15. HP: 139/141 MP: 20/20
 22771 | D:13     | Found a frozen archway.
 22781 | IceCv    | Entered an ice cave
 23273 | IceCv    | Received a gift from Okawaru
 23445 | IceCv    | Identified the staff of Dullness {rPois Str+3 Alchemy}
 23754 | D:14     | Identified the +7 chain mail of Huoqidam {^Drain Str+5}
 23846 | D:14     | Found a gate to the Vaults.
 23858 | D:14     | Reached skill level 10 in Throwing
 24407 | D:14     | Received a gift from Okawaru
 24607 | D:15     | Entered Level 15 of the Dungeon
 24760 | D:15     | Noticed a tengu reaver
 24811 | D:15     | Killed a tengu reaver
 24993 | D:15     | Identified the ring "Ziky" {*Corrode rC+ Int+6 Dex+3}
 25253 | D:15     | Found a staircase to the Depths.
 25268 | D:15     | Identified the amulet of Leaves {Spirit MP+9 Dex+4}
 25349 | D:15     | Identified the +5 spear "Riucoh" {flame, rC+++ Str+5 SInv}
 25369 | D:15     | Received a gift from Okawaru
 25409 | D:15     | Reached XP level 16. HP: 109/149 MP: 21/21
 25680 | D:15     | Identified the ring "Wuedghaub" {Fire *Slow Int+6 Stlth+}
 25994 | D:15     | Identified the ring "Dobatefo" {rElec rCorr Int+3}
 26050 | D:15     | Found Yjius's Book Shop.
 26050 | D:15     | Found a transporter.
 26170 | D:15     | Found a transporter.
 26186 | D:15     | Noticed Kirke
 26794 | D:15     | Found Ammazo's Book Emporium.
 26860 | D:15     | Bought a manual of Armour for 1120 gold pieces
 26956 | D:15     | Received a gift from Okawaru
 27041 | D:15     | Killed Kirke
 27107 | D:15     | Reached skill level 15 in Throwing
 27232 | D:15     | Found Kuppacur's Weapon Emporium.
 27496 | Swamp:1  | Entered Level 1 of the Swamp
 27530 | Swamp:1  | Identified the +3 chain mail of Deeply Unsettling Joy {rF+
                  | Will- Str+7 Dex-5}
 27661 | Swamp:1  | Noticed Jorgrun
 27671 | Swamp:1  | Killed Jorgrun
 27697 | Swamp:1  | Identified the granite talisman of Unreason {Str+3}
 27697 | Swamp:1  | Noticed Roxanne
 28284 | Swamp:2  | Noticed a thorn hunter
 28288 | Swamp:2  | Killed a thorn hunter
 28289 | Swamp:2  | Reached skill level 1 in Evocations
 28322 | Swamp:2  | Received a gift from Okawaru
 28373 | Swamp:2  | Noticed a thorn hunter
 28383 | Swamp:2  | Killed a thorn hunter
 28642 | Swamp:2  | Noticed Louise
 28677 | Swamp:2  | Received a gift from Okawaru
 28700 | Swamp:2  | Killed Louise
 28701 | Swamp:2  | Reached skill level 5 in Evocations
 29599 | Swamp:3  | Reached XP level 17. HP: 149/156 MP: 22/22
 29857 | Swamp:4  | Entered Level 4 of the Swamp
 30258 | Swamp:3  | Received a gift from Okawaru
 31213 | Swamp:3  | Received a gift from Okawaru
 32217 | Swamp:4  | Got a decaying rune of Zot
 32565 | Snake:1  | Entered Level 1 of the Snake Pit
 32640 | Snake:1  | Noticed Donald
 32669 | Lair:3   | Killed Donald
 33143 | Snake:1  | Received a gift from Okawaru
 33583 | Snake:1  | Identified the serpent talisman of the Earth {rN++ Dex-3
                  | Stlth+}
 33882 | Snake:2  | Reached skill level 10 in Invocations
 34180 | Snake:2  | Received a gift from Okawaru
 34946 | Snake:3  | Noticed Asterion
 35175 | Snake:3  | Killed Asterion
 35598 | Snake:3  | Found Xoyplerr's Book Boutique.
 35647 | Snake:3  | Reached XP level 18. HP: 166/166 MP: 25/25
 36187 | Snake:4  | Entered Level 4 of the Snake Pit
 36194 | Snake:4  | Received a gift from Okawaru
 36758 | Snake:4  | Reached skill level 16 in Fighting
 37824 | Snake:4  | Received a gift from Okawaru
 38726 | Snake:4  | Received a gift from Okawaru
 39194 | Snake:4  | Got a serpentine rune of Zot
 39615 | Elf:1    | Entered Level 1 of the Elven Halls
 39629 | Elf:1    | Reached skill level 17 in Fighting
 39653 | Elf:1    | Found Dehaadu's Jewellery Emporium.
 39654 | Elf:1    | Found Wishruk's Book Boutique.
 39654 | Elf:1    | Found Faucsuju's Book Boutique.
 39776 | Elf:1    | Bought the amulet of Oheargha {Regen+ Str+2} for 535 gold
                  | pieces
 40065 | Elf:1    | Received a gift from Okawaru
 40626 | Elf:1    | Reached XP level 19. HP: 174/175 MP: 27/27
 40922 | Abyss:3  | Cast into level 3 of the Abyss (a deep elf sorcerer)
 41097 | Elf:1    | Escaped the Abyss
 41102 | Elf:1    | Received a gift from Okawaru
 41218 | Elf:1    | Bought a ring of willpower for 325 gold pieces
 41383 | Elf:2    | Paralysed by an air elemental for 1 turns
 41405 | Elf:2    | Paralysed by an air elemental for 1 turns
 41455 | Elf:2    | Paralysed by an air elemental for 1 turns
 41603 | Elf:2    | Reached skill level 18 in Fighting
 41815 | Elf:2    | Found a shimmering blue altar of Sif Muna.
 41841 | Elf:2    | Found Fofogiets's Jewellery Shop.
 42004 | Elf:2    | Found a runed translucent gate.
 42005 | Elf:2    | Found a runed translucent gate.
 42005 | Elf:2    | Found a runed translucent gate.
 42758 | Elf:2    | Received a gift from Okawaru
 43251 | Elf:3    | Entered Level 3 of the Elven Halls
 43345 | Elf:3    | Found a runed translucent door.
 43346 | Elf:3    | Noticed Dodessio's ghost (adept DsGl)
 43392 | Elf:3    | Killed Dodessio's ghost
 43509 | Elf:3    | Reached skill level 19 in Fighting
 43958 | Elf:3    | Identified the +6 orcbow of Extinguishment {heavy, rF+ rN+}
 44209 | Elf:3    | Received a gift from Okawaru
 44513 | Elf:3    | Identified the +0 ring mail of Anarchy {Regen+ Dex+3}
 44727 | Elf:3    | Received a gift from Okawaru
 44763 | Elf:3    | Identified the +0 scale mail "Zamooh" {Regen+ Dex+2}
 44789 | Elf:3    | Reached skill level 20 in Fighting
 44805 | Elf:3    | Reached XP level 20. HP: 30/193 MP: 24/28
 44997 | Elf:3    | Identified the +5 kite shield of the Watchman {+Blink rC++
                  | Int+8 Slay-5}
 45023 | Elf:3    | Identified the ring of Jazijuon {rF+ Will+ Str+5 Int-3}
 45056 | Elf:3    | Identified the staff "Koipsokkase" {rC+ rN+ Dex-3 Conj Air}
 45071 | Elf:3    | Identified the ring of Rajizu {rPois rN+ SInv Stlth+}
 45074 | Elf:3    | Identified the +6 executioner's axe "Picuov" {protect, rC+
                  | rN+}
 45077 | Elf:3    | Identified the +5 great sword of Inference {speed, rC+
                  | Str+4}
 45291 | Elf:2    | Bought the amulet of the Four Winds {rN+ Will+++ Clar} for
                  | 1214 gold pieces
 45291 | Elf:2    | Found the amulet of the Four Winds {rN+ Will+++ Clar}
 45450 | D:11     | Noticed Urug
 45461 | D:11     | Killed Urug
 45521 | Vaults:1 | Entered Level 1 of the Vaults
 45581 | Vaults:1 | Reached skill level 21 in Fighting
 45795 | Vaults:1 | Received a gift from Okawaru
 45836 | Vaults:1 | Noticed Nikola
 45871 | Vaults:1 | Killed Nikola
 45900 | Vaults:1 | Reached skill level 22 in Fighting
 46327 | Vaults:1 | Reached skill level 23 in Fighting
 47059 | Vaults:1 | Reached skill level 24 in Fighting
 47079 | Vaults:1 | Received a gift from Okawaru
 47151 | Vaults:1 | Found Meibrast's General Store.
 47158 | Vaults:1 | Bought a wand of digging (6) for 277 gold pieces
 47389 | Vaults:1 | Found Hairurai's Weapon Shoppe.
 47405 | Vaults:1 | Found Eppelo's General Store.
 47413 | Vaults:1 | Bought a scroll of fog for 68 gold pieces
 47413 | Vaults:1 | Bought a scroll of teleportation for 51 gold pieces
 47413 | Vaults:1 | Bought a potion of curing for 51 gold pieces
 47418 | Vaults:1 | Found Vevvodala's General Store.
 47426 | Vaults:1 | Bought a scroll of fear for 76 gold pieces
 47426 | Vaults:1 | Bought a scroll of blinking for 142 gold pieces
 47426 | Vaults:1 | Bought a scroll of teleportation for 57 gold pieces
 47505 | Vaults:1 | Found Efraf's Antique Armour Emporium.
 47691 | Vaults:2 | Reached skill level 25 in Fighting
 48267 | Vaults:2 | Found a staircase to the Crypt.
 48267 | Vaults:2 | Found an ancient bone altar of Kikubaaqudgha.
 48268 | Vaults:2 | Found a basalt altar of Yredelemnul.
 48283 | Vaults:2 | Found Zuiwaafi's Armour Shoppe.
 48515 | Vaults:2 | Received a gift from Okawaru
 49695 | Vaults:3 | Reached skill level 26 in Fighting
 49849 | Vaults:3 | Reached XP level 21. HP: 203/221 MP: 29/29
 49939 | Vaults:3 | Received a gift from Okawaru
 50545 | Vaults:3 | Noticed Sojobo
 50575 | Vaults:3 | HP: 10/222 [Sojobo/the air (25)]
 50581 | Vaults:3 | Mangled by a tengu reaver

Illustrated notes

Levels and vault maps discovered:
D:1:      matt_arrival_grand_opening, layout_basic, nicolae_grassy_gnolls
D:2:      layout_rooms, uniq_terence
D:3:      layout_basic, minmay_misc_feat_square, uniq_grinder
D:4:      layout_loops_cross, trog_hazing_becter, serial_shops, kennysheep_mini,
          shop, nicolae_shop_real_fake_doors, nicolae_shop_gaudy_bauble,
          nicolae_shop_behind_doors, hangedman_decor_riveting
D:5:      layout_cave_pods, gammafunk_ghost_split, serial_park,
          serial_park_gazebo [serial_park_minivault_5x5_4],
          serial_park_tiny_pond, serial_park_square2, serial_shops,
          nicolae_shop_tiny_statue_garden, minmay_statues_item,
          kennysheep_big_empty_room
D:6:      layout_basic, chequers_jeans
D:7:      layout_loops_ring, mainiacjoe_overflow_alcove_2, temple_doors_ab,
          dreamdust_princess_bridge
D:8:      kennysheep_blocky_hall, layout_basic, kiku_gazebo_garden_becter,
          dpeg_oklobed_lair, st_stairs_13, nicolae_specific_store,
          corexii_hall_statues_i, nicolae_nh_ransacked_shop
D:9:      layout_gridville, nzn_random_ring, uniq_pikel
D:10:     layout_stronghold, kennysheep_mini_moat, orc_0_dummy,
          nicolae_the_louvre
D:11:     layout_basic, serial_glass, glass_columns_c, glass_columns_c,
          grunt_gozag_statues, uniq_psyche, uniq_urug
D:12:     layout_cave_pools
D:13:     layout_big_octagon, portal_ice_cave_rime
D:14:     layout_cave_pools, lightli_vaults_fourway_checkpoint,
          kennysheep_donut, feat_on_display
D:15:     hangedman_spin_cycle
Temple:   mainiacjoe_temple_bowtie_tessellation
Lair:1:   layout_regular_city, gammafunk_ghost_ooze, uniq_maggie, uniq_harold,
          uniq_erica
Lair:2:   layout_cave_pods
Lair:3:   layout_misc_corridors, swamp_mist, minmay_snake_entry_six_corridors,
          amcnicky_mini_pool_medium
Lair:4:   layout_roguey, dpeg_slime_entry_corner, hangedman_lair_generics_rect,
          uniq_sonja
Lair:5:   hangedman_lair_in_review, layout_cellular_growth,
          hangedman_lair_tendril_chambers, uniq_snorg
Swamp:1:  layout_falls_marsh, evilmike_swamp_ruin_house_4, uniq_roxanne,
          uniq_jorgrun
Swamp:2:  layout_basic_swamp, evilmike_swamp_ruin_wall, swamp_pool_4,
          nicolae_swamp_feature_on_the_river_bank, uniq_louise
Swamp:3:  layout_basic_swamp, nicolae_swamp_fairy_circle,
          infiniplex_staircase_pool
Swamp:4:  swamp_basic_johnstein, layout_basic_swamp, infiniplex_staircase_pool_2
Snake:1:  layout_basic, nicolae_snake_omega, uniq_donald
Snake:2:  nicolae_sea_snake_s, layout_layer_cave
Snake:3:  layout_cave_pods, serial_shops, nicolae_shop_tiny_waterfront,
          uniq_asterion
Snake:4:  grunt_snake_rune_pools, layout_cave_town, st_stairs_12
Orc:1:    layout_caves
Orc:2:    grunt_orc_community_town_hall, layout_diamond_mine,
          grunt_orc_community_big_house_1, grunt_orc_community_big_house_2,
          grunt_orc_community_house_2, grunt_orc_community_house_2,
          grunt_orc_community_house_2, grunt_orc_community_house_3,
          grunt_orc_community_house_2, grunt_orc_community_house_3,
          nicolae_orc_beogh_chapel, uniq_josephine
Elf:1:    elf_arrival_001, layout_geoelf_grid,
          hangedman_elven_crosses_minicolossus, minmay_misc_feat_diagonals,
          minmay_shop_grove
Elf:2:    nicolae_elf_blades_crystal_corner, layout_rooms, basic_altar,
          serial_shops, shop
Elf:3:    minmay_elf_hall_golems, layout_geoelf_castle, gammafunk_ghost_grave
Vaults:1: v_alt_pattern_4, nicolae_vaults_layer_cake_slice, v_alt_pattern_5,
          nicolae_vaults_windows_and_doors_thing,
          nicolae_vaults_closet_pinwheel_4, v_rooms_4, ontoclasm_vaults_chip,
          v_alt_pattern_6, vaults_room_octagon, v_misc_25,
          ontoclasm_vaults_gallery, layout_vaults_maze_snakey, serial_shops,
          nicolae_shop_scrapyard, nicolae_square_shop, shop, shop,
          nicolae_diamond_shop, uniq_nikola
Vaults:2: minmay_crypt_entry_necro_gods, grunt_vaults_swirl,
          nicolae_vaults_little_squares_2, nicolae_vaults_little_squares_6,
          v_misc_26, nicolae_vaults_storage_closets_3, ontoclasm_vaults_gateway,
          ontoclasm_vaults_shuriken, lightli_orcish_oven,
          nicolae_vaults_wine_cellar, nicolae_vaults_tetromino_Z_2,
          layout_vaults_omnicross, serial_shops, nicolae_shop_mannequins
Vaults:3: v_alt_pattern_6, v_misc_10, nicolae_vaults_statue_guard,
          nicolae_vaults_house_1, vaults_mumra_hex, nicolae_vaults_two_Ls,
          layout_vaults_big_room, uniq_sojobo

Skill      XL: |  1  2  3  4  5  6  7  8  9 10 11 12 13 14 15 16 17 18 19 20 |
---------------+-------------------------------------------------------------+-----
Maces & Flails | 3 4 5 6 8 9 11 12 | 12.0
Fighting       | 6 9 12 13 15 17 20 26 | 26.9
Armour         | 5 7 9 11 13 15 16 19 20 | 20.0
Shields        | 5 7 9 11 15 17 20 | 20.0
Invocations    | 7 8 11 12 | 12.0
Polearms       | 7 12 | 12.0
Throwing       | 5 13 16 | 16.0
Evocations     | 6 8 |  8.0

Action                     |  1- 3 |  4- 6 |  7- 9 | 10-12 | 13-15 | 16-18 | 19-21 || total
---------------------------+-------+-------+-------+-------+-------+-------+-------++-------
  Melee: Flail             |    69 |   156 |   321 |    73 |       |       |       ||   619
         Headbutt          |     9 |    13 |    63 |   115 |   402 |   344 |   488 ||  1434
         Morningstar       |       |       |       |   472 |   123 |       |       ||   595
         Lance             |       |       |       |       |  1627 |  1407 |  1599 ||  4633
  Throw: Stone             |     1 |     1 |     2 |       |     1 |       |       ||     5
         Throwing net      |       |       |     2 |       |       |       |       ||     2
         Boomerang         |       |       |       |       |    20 |   320 |    72 ||   412
         Javelin           |       |       |       |       |     5 |     6 |       ||    11
         Dart              |       |       |       |       |     1 |       |       ||     1
 Invoke: Heroism           |       |       |     1 |     6 |       |       |       ||     7
         Finesse           |       |       |       |     1 |     5 |     5 |     6 ||    17
         Receive Weapon    |       |       |       |     1 |       |       |       ||     1
         Receive Armour    |       |       |       |     1 |       |       |       ||     1
  Evoke: Wand              |       |       |       |     3 |     5 |       |     1 ||     9
         Gell's gravitambo |       |       |       |       |     4 |     1 |     1 ||     6
    Use: Potion            |       |     1 |     3 |     4 |     2 |     3 |       ||    13
         Scroll            |       |     7 |    10 |     5 |     7 |     2 |     1 ||    32
 Armour: Scale mail        |    45 |     8 |       |       |       |       |       ||    53
         Chain mail        |       |   115 |   162 |   453 |   666 |   908 |   795 ||  3099
  Dodge: Dodged            |    22 |    36 |    75 |   165 |   298 |   171 |   202 ||   969
  Block: Buckler           |    25 |    63 |   119 |    22 |       |       |       ||   229
         Reflection        |     1 |     1 |     5 |       |    45 |    75 |       ||   127
         Kite shield       |       |       |       |   292 |   908 |   352 |       ||  1552
         Tower shield      |       |       |       |       |       |   800 |  1271 ||  2071

Table legend: (Time is in decaauts)
 A = Elapsed time spent in this place.
 B = Non-inter-level travel time spent in this place.
 C = Inter-level travel time spent in this place.
 D = Time resting spent in this place.
 E = Time spent auto-exploring this place.
 F = Levels seen in this place.
 G = Mean time per level.
                   A        B        C        D        E       F      G
               +--------+--------+--------+--------+--------+-----+--------+
         Total |  48469 |  45949 |   2520 |   7512 |  28658 |  39 | 1242.8 |
       Dungeon |  16187 |  15178 |   1009 |   1103 |  10803 |  15 | 1079.1 |
        Temple |     64 |     13 |     51 |      0 |      0 |   1 |   64.0 |
          Lair |   7950 |   7595 |    355 |   1110 |   4944 |   5 | 1590.0 |
         Swamp |   5078 |   4871 |    207 |   2145 |   2061 |   4 | 1269.5 |
     Snake Pit |   6517 |   6221 |    296 |   1608 |   3640 |   4 | 1629.2 |
  Orcish Mines |   2043 |   1851 |    192 |    318 |   1060 |   2 | 1021.5 |
   Elven Halls |   5195 |   4869 |    326 |    961 |   2470 |   3 | 1731.7 |
        Vaults |   4599 |   4519 |     80 |    234 |   3280 |   3 | 1533.0 |
         Abyss |    163 |    163 |      0 |      0 |    111 |   1 |  163.0 |
      Ice Cave |    668 |    668 |      0 |     33 |    287 |   1 |  668.0 |
               +--------+--------+--------+--------+--------+-----+--------+

Top non-repeatable levels by time:
 Snake:4: 2876 daAuts
    D:15: 2424 daAuts
  Lair:5: 2227 daAuts
Vaults:1: 1878 daAuts
   Elf:3: 1825 daAuts
 Swamp:3: 1812 daAuts
   Elf:1: 1782 daAuts
Vaults:2: 1782 daAuts
     D:9: 1762 daAuts
   Elf:2: 1587 daAuts
  Lair:4: 1584 daAuts
  Lair:1: 1568 daAuts
    D:10: 1560 daAuts
  Lair:3: 1552 daAuts
 Swamp:4: 1493 daAuts
